 Dungeon Crawl Stone Soup version 0.29.1-2-gbd0b4ee654 (webtiles) character file.

Game seed: 15921814093246814131

37 Peloso the Covered (level 3, -5/33 HPs)
             Began as a Minotaur Fighter on Nov 30, 2022.
             Slain by a gnoll
             ... wielding a +0 halberd
              (7 damage)
             ... on level 2 of the Dungeon.
             The game lasted 00:01:38 (1449 turns).

Peloso the Covered (Minotaur Fighter)               Turns: 1449, Time: 00:01:39

Health: -5/33      AC: 10    Str: 20    XL:     3   Next: 23%
Magic:  2/2        EV:  7    Int:  5    God:
Gold:   60         SH:  4    Dex: 11    Spells: 2/2 levels left

rFire   . . .      SeeInvis .   a - +0 long sword
rCold   . . .      Faith    .   c - +0 buckler
rNeg    . . .      Spirit   .   h - +0 chain mail
rPois   .          Reflect  .   (helmet restricted)
rElec   .          Harm     .   j - +0 cloak
rCorr   .          Rampage  .   (no gloves)
Will    .....                   (no boots)
Stlth   ..........              (no amulet)
HPRegen 0.11/turn               (no ring)
MPRegen 0.08/turn               (no ring)

@: hasted, very quick
A: horns 2, retaliatory headbutt
a: no special abilities


You were on level 2 of the Dungeon.
You visited 1 branch of the dungeon, and saw 2 of its levels.

You collected 60 gold pieces.

Inventory:

Hand Weapons
 a - a +0 long sword (weapon)
Armour
 b - a +0 scale mail
 c - a +0 buckler (worn)
 h - a +0 chain mail (worn)
 j - a +0 cloak (worn)
Jewellery
 k - a ring of see invisible
Scrolls
 e - 2 scrolls of teleportation {unknown}
 f - 4 scrolls of vulnerability {unknown}
 i - a scroll of noise {unknown}
 m - a scroll of silence {unknown}
 n - a scroll of fog {unknown}
 o - a scroll of acquirement {unknown}
Potions
 d - a potion of might
 g - a potion of curing {unknown}
 l - a potion of haste


   Skills:
 + Level 4.1 Fighting
 + Level 2.5 Long Blades
 + Level 4.3 Armour
 + Level 0.1 Dodging
 + Level 4.2 Shields


You had 2 spell levels left.
You didn't know any spells.
Your spell library was empty.

Dungeon Overview and Level Annotations

Branches:
Dungeon (2/15)

Altars:
Trog


Innate Abilities, Weirdness & Mutations

You have a pair of horns on your head.
You reflexively headbutt those who attack you in melee.


Message History

a +0 short sword; 5 stones A gnoll comes into view.
It is wielding a +0 whip.
A gnoll is nearby!
The gnoll shouts!
You hear a shout!
The gnoll throws a stone.
The stone hits you but does no damage.
A gnoll comes into view. It is wielding a +0 spear.
The gnoll closely misses you. The gnoll hits you with a +0 whip.
A gnoll comes into view. It is wielding a +0 halberd.
You hit the gnoll. Your headbutt misses the gnoll.
The gnoll is moderately wounded.
The gnoll closely misses you.
The gnoll throws a stone.
You block the stone. The gnoll hits you but does no damage.
The gnoll attacks as you move away! The gnoll hits you but does no damage.
The gnoll hits you with a +0 whip. The gnoll completely misses you.
A gnoll comes into view. It is wielding a +0 whip.
Unknown command.
You hit the gnoll.
The gnoll is severely wounded.
The gnoll hits you from afar with a +0 halberd.
You block the gnoll's attack. The gnoll closely misses you.
You closely miss the gnoll.
The gnoll is severely wounded.
The gnoll barely misses you.
The gnoll hits you from afar with a +0 spear.
The gnoll barely misses you. You block the gnoll's attack.
The gnoll completely misses you. The gnoll hits you but does no damage.
You hit the gnoll.
The gnoll is moderately wounded.
The gnoll hits you with a +0 whip.
* * * LOW HITPOINT WARNING * * *
The gnoll completely misses you.
The gnoll hits you from afar with a +0 spear.
* * * LOW HITPOINT WARNING * * *
The gnoll closely misses you.
It was a potion of haste.
You feel yourself speed up. The gnoll hits you but does no damage.
The gnoll hits you from afar with a +0 halberd!
You die...

#### #<. ##
#.# #.#
###.#### ..
#.)....# ####
#.#.##.# ..#
#.#g##g##.###
#.##.#
#.#g@.g......
#.##.#
#.###########
#..... #.#
#....) #.#
#.##.# #.#
#.#..# #.#
#.....##.#.##
#.#
.....##.#.##
#.#
....#......
#.#
...#.##..#


You could see 4 gnolls.

Vanquished Creatures
  A dart slug (D:1)
  7 endoplasms
  6 goblins
  5 hobgoblins (D:1)
  2 kobolds
  2 quokkas (D:1)
  2 ball pythons (D:1)
  2 frilled lizards (D:1)
  2 rats (D:1)
29 creatures vanquished.

Notes
Turn   | Place    | Note
-------+----------+-------------------------------------------
     0 | D:1      | Peloso the Minotaur Fighter began the quest for the Orb.
     0 | D:1      | Reached XP level 1. HP: 19/19 MP: 0/0
   260 | D:1      | Reached XP level 2. HP: 24/27 MP: 1/1
   475 | D:1      | Found a faded altar of an unknown god.
   933 | D:1      | Reached XP level 3. HP: 33/33 MP: 2/2
  1246 | D:2      | Found a bloodstained altar of Trog.
  1449 | D:2      | Slain by a gnoll

Illustrated notes

Levels and vault maps discovered:
D:1:      minmay_arrival_diagonal_passages, layout_basic,
          hellmonk_ecumenical_altar_slurped_away, serial_rivers,
          chequers_serial_rivers_small_3, chequers_serial_rivers_micro_d,
          chequers_serial_rivers_room_a, chequers_serial_rivers_micro_a,
          chequers_serial_rivers_micro_e, st_stairs_4
D:2:      layout_loops_cross, basic_altar, serial_shops, shop

Skill      XL: |  1  2 |
---------------+-------+-----
Shields        | 4 |  4.2
Armour         | 4 |  4.3
Fighting       | 4 |  4.1
Long Blades    | |  2.5
Dodging        | |  0.1

Action                   || total
-------------------------++-------
Melee: Long sword        ||    65
       Headbutt          ||     9
  Use: Potion            ||     1
Armor: Scale mail        ||    12
       Chain mail        ||    18
Dodge: Dodged            ||    26
Block: Buckler           ||    16
